 Dungeon Crawl Stone Soup version 0.29-a0-330-g52719c12eb (webtiles) character file.

Game seed: 17176017643068848368

362 TotomoII the Chiller (level 6, -11/41 HPs)
             Began as a Demonspawn Ice Elementalist on May 26, 2022.
             Mangled by an ogre
             ... wielding a +0 giant club
              (31 damage)
             ... on level 4 of the Dungeon.
             The game lasted 00:18:48 (4458 turns).

TotomoII the Chiller (Demonspawn Ice Elementalist)  Turns: 4458, Time: 00:18:49

Health: -11/41     AC:  5    Str:  8    XL:     6   Next: 39%
Magic:  1/12       EV: 12    Int: 18    God:
Gold:   150        SH:  4    Dex: 14    Spells: 11/13 levels left

rFire   . . .      SeeInvis .   d - staff of air
rCold   . . .      Faith    .   (no shield)
rNeg    . . .      Spirit   .   a - +1 robe
rPois   +          Reflect  .   (no helmet)
rElec   +          Harm     .   (no cloak)
rCorr   .          Rampage  .   (no gloves)
Will    .....                   (no boots)
Stlth   ++........              (no amulet)
HPRegen 0.13/turn               g - ring of flight
MPRegen 0.13/turn               k - ring of poison resistance

@: flying
A: thin metallic scales 1, spiny 1, condensation shield, weakness stinger 2
a: no special abilities


You were on level 4 of the Dungeon.
You visited 1 branch of the dungeon, and saw 4 of its levels.

You collected 150 gold pieces.

Inventory:

Hand Weapons
 i - a +2 whip of chaos
Armour
 a - a +1 robe (worn)
Magical Staves
 d - a staff of air (weapon)
Jewellery
 g - a ring of flight (left hand)
 k - a ring of poison resistance (right hand)
 l - a ring of see invisible
 o - a ring of protection from fire
Scrolls
 c - a scroll of teleportation
 e - a scroll of identify
Potions
 b - a potion of magic
 f - a potion of might {unknown}
 h - 2 potions of flight


   Skills:
 - Level 1.7 Dodging
 - Level 1.7 Stealth
 + Level 4.0 Spellcasting
 + Level 3.2 Conjurations
 + Level 5.1 Ice Magic


You had 11 spell levels left.
You knew the following spells:

 Your Spells              Type           Power      Damage    Failure   Level
a - Freeze                Ice            88%        1d10      1%          1
b - Magic Dart            Conj           60%        1d6       3%          1

Your spell library contained the following spells:

 Spells                   Type           Power      Damage    Failure   Level
 Frozen Ramparts          Ice            44%        1d6       5%          3
 Ozocubu's Armour         Ice            22%        N/A       5%          3
 Call Imp                 Summ           3%         N/A       22%         2
 Hailstorm                Conj/Ice       18%        3d6       26%         4
 Mephitic Cloud           Conj/Pois/Air  11%        N/A       28%         3


Dungeon Overview and Level Annotations

Branches:
Dungeon (4/15)
 Temple: D:4-7

Altars:


Innate Abilities, Weirdness & Mutations

You are partially covered in thin metallic scales. (AC +2)
You are partially covered in sharp spines.
A meltable shield of frost defends you. (SH +4)
You have a tail ending in a sharp stinger.


Message History

You freeze the ogre.
The ogre is moderately wounded.
The ogre barely misses you.
Things that are here:
a +0 falchion; a +0 ring mail
Things that are here:
a +0 whip; 3 boomerangs; a +0 ring mail
Casting: Freeze (safe; 1% risk of failure)
Confirm with . or Enter, or press ? or * to list all spells.
Aiming: Freeze (safe; 1% risk of failure)
Press: ? - help, Shift-Dir - straight line, f/p - ogre
Aim: an ogre, wielding a +0 giant club (moderately wounded)
You miscast Freeze.
You are very lightly contaminated with residual magic.
Nothing appears to happen.
The ogre misses you.
Casting: Freeze (safe; 1% risk of failure)
Confirm with . or Enter, or press ? or * to list all spells.
Aiming: Freeze (safe; 1% risk of failure)
Press: ? - help, Shift-Dir - straight line, f/p - ogre
Aim: an ogre, wielding a +0 giant club (moderately wounded)
You freeze the ogre.
The ogre is heavily wounded.
You block the ogre's attack.
You barely miss the ogre.
The ogre is heavily wounded.
The ogre is struck by your spines. The ogre barely misses you.
You barely miss the ogre.
The ogre is severely wounded.
You barely miss the ogre.
The ogre is severely wounded.
The ogre hits you with a +0 giant club!!
You hit the ogre but do no damage.
The ogre is severely wounded.
The ogre is struck by your spines. The ogre completely misses you.
Your magical contamination has completely faded away.
You closely miss the ogre.
The ogre is almost dead.
The ogre hits you with a +0 giant club!!
Ouch! That really hurt!
You die...

#.########.# ##.#
#.# #.# #.# #.#
#.# #.. #.# ###
#.# ########.#
#.O).....#
#@########
#.#######
#.......#
#######.#####
............######
#######.###.##....
#.# #.##.### #.#
#.##.# #.# #.##.#


You could see an ogre.

Vanquished Creatures
  A howler monkey (D:4)
  A jelly (D:4)
  2 orc priests
  An orc wizard (D:4)
  7 gnolls
  4 adders (D:2)
  A worm (D:2)
  3 dart slugs
  13 orcs
  12 endoplasms
  2 giant cockroaches
  8 goblins
  6 hobgoblins
  4 jackals (D:3)
  3 quokkas
  8 ball pythons
  5 bats
  6 frilled lizards
  A kobold (D:1)
  3 rats
91 creatures vanquished.

Vanquished Creatures (others)
  2 plants (D:2)
2 creatures vanquished.

Grand Total: 93 creatures vanquished

Notes
Turn   | Place    | Note
-------+----------+-------------------------------------------
     0 | D:1      | TotomoII the Demonspawn Ice Elementalist began the quest
                  | for the Orb.
     0 | D:1      | Reached XP level 1. HP: 13/13 MP: 3/3
   325 | D:1      | Gained mutation: You have a small tail. [demonic ancestry]
   325 | D:1      | Reached XP level 2. HP: 14/19 MP: 0/5
   660 | D:1      | Learned a level 1 spell: Magic Dart
   696 | D:1      | Reached skill level 4 in Ice Magic
  1231 | D:2      | Gained mutation: A meltable shield of frost defends you.
                  | (SH +4) [demonic ancestry]
  1231 | D:2      | Reached XP level 3. HP: 24/24 MP: 0/6
  1455 | D:2      | Reached skill level 1 in Conjurations
  1687 | D:2      | Gained mutation: You have a tail ending in a sharp stinger.
                  | [demonic ancestry]
  1687 | D:2      | Reached XP level 4. HP: 30/30 MP: 5/8
  2268 | D:2      | Found a faded altar of an unknown god.
  2688 | D:3      | Gained mutation: You are partially covered in sharp spines.
                  | [demonic ancestry]
  2688 | D:3      | Reached XP level 5. HP: 25/35 MP: 4/10
  3405 | D:4      | Noticed an ogre
  4142 | D:4      | Gained mutation: You are partially covered in thin metallic
                  | scales. (AC +2) [demonic ancestry]
  4142 | D:4      | Reached XP level 6. HP: 41/41 MP: 4/11
  4148 | D:4      | Reached skill level 5 in Ice Magic
  4458 | D:4      | Mangled by an ogre

Illustrated notes

Levels and vault maps discovered:
D:1:      eino_arrival_cavern_a, layout_loops_ring
D:2:      layout_rooms, hellmonk_ecumenical_altar_inner_sanctum, serial_forest,
          infiniplex_forest_side_room, infiniplex_forest_end_2,
          infiniplex_forest_lined_room_2, infiniplex_forest_diagonal,
          infiniplex_forest_corner_1
D:3:      layout_rooms
D:4:      layout_loops_ring, grunt_ministairs_9

Skill      XL: |  1  2  3  4  5  6 |
---------------+-------------------+-----
Ice Magic      | 4 5 |  5.1
Conjurations   | 1 2 3 |  3.2
Spellcasting   | 3 4 |  4.0
Dodging        | |  1.7
Stealth        | |  1.7

Action                   |  1- 3 |  4- 6 || total
-------------------------+-------+-------++-------
Melee: Unarmed           |     8 |       ||     8
       Dagger            |    10 |       ||    10
       Tailslap          |     2 |     6 ||     8
       Whip              |       |    19 ||    19
       Staff             |       |     8 ||     8
 Cast: Freeze            |    31 |    50 ||    81
       Magic Dart        |    48 |   103 ||   151
  Use: Scroll            |     2 |     9 ||    11
       Potion            |       |     2 ||     2
Armor: Robe              |     8 |    13 ||    21
Dodge: Dodged            |    15 |    43 ||    58
Block: Other             |     1 |    10 ||    11

Table legend: (Time is in decaauts)
 A = Elapsed time spent in this place.
 B = Non-inter-level travel time spent in this place.
 C = Inter-level travel time spent in this place.
 D = Time resting spent in this place.
 E = Time spent auto-exploring this place.
 F = Levels seen in this place.
 G = Mean time per level.
                   A        B        C        D        E       F      G
               +--------+--------+--------+--------+--------+-----+--------+
         Total |   4463 |   4326 |    137 |    959 |   2751 |   4 | 1115.8 |
       Dungeon |   4463 |   4326 |    137 |    959 |   2751 |   4 | 1115.8 |
               +--------+--------+--------+--------+--------+-----+--------+

Top non-repeatable levels by time:
     D:1: 1222 daAuts
     D:2: 1221 daAuts
     D:3: 1113 daAuts
     D:4: 906 daAuts
